 Dungeon Crawl Stone Soup version 0.26-a0-1079-g3a4175ecf3 (webtiles) character file.

Game seed: 5078881953106265390

115258 KristoblXynda the Fencer (level 16, -6/138 HPs)
             Began as a Pale Draconian Gladiator on Dec 14, 2020.
             Was the Champion of Ashenzari.
             Mangled by a spark wasp simulacrum (11 damage)
             ... on level 1 of the Depths.
             The game lasted 01:09:33 (38847 turns).

KristoblXynda the Fencer (DrGl)                    Turns: 38847, Time: 01:09:34

Health: -6/138     AC: 15    Str: 19      XL:     16   Next: 18%
Magic:  24/24      EV: 20    Int: 12 (14) God:    Ashenzari [******]
Gold:   1764       SH: 13    Dex: 12      Spells: 17/25 levels left

rFire    + + .     SeeInvis +   Q - +5 scimitar (flame) (curse)
rCold    + . .     Faith    .   k - +2 buckler of Hepliaklqana's Envy {Will+ rCorr} (curse)
rNeg     . . .     Spirit   .   (armour unavailable)
rPois    +         Reflect  +   b - +1 hat
rElec    .         Harm     .   P - scarf {rC+ rF+}
rCorr    +         Rampage  .   L - +1 pair of gloves
Will     ++...     Clarity  +   a - +2 pair of boots {run} (curse)
Stlth    ++++......             K - amulet of reflection (curse)
HPRegen  0.33/turn              J - ring of Shadows {Umbra +Inv Stlth+} (curse)
MPRegen  0.19/turn              s - ring "Ukekunn" {+Inv rPois rF+} (curse)

@: wreathed by umbra, quick
A: breathe steam, unfitting armour, cold-blooded, AC +9
a: Breathe Steam, Curse Item, Scrying, Transfer Knowledge, Renounce Religion,
Evoke Invisibility


You were on level 1 of the Depths.
You worshipped Ashenzari.
Ashenzari was exalted by your worship.
You visited 6 branches of the dungeon, and saw 26 of its levels.
You also visited: Ossuary, Ice Cave and Volcano.

You collected 2820 gold pieces.
You spent 1056 gold pieces at shops.

Inventory:

Hand Weapons
 Q - a cursed +5 scimitar of flaming (weapon)
Missiles
 c - 3 throwing nets (quivered)
Armour
 a - a cursed +2 pair of boots of running (worn)
 b - a +1 hat (worn)
 k - the cursed +2 buckler of Hepliaklqana's Envy (worn) {Will+ rCorr}
   (You found it on level 5 of the Lair of Beasts)

   It affects your willpower, your defense against some magical effects.
   It provides partial protection from all sources of acid and corrosion.
   It has a curse placed upon it.
 L - a +1 pair of gloves (worn)
 P - a scarf of resistance (worn)
Jewellery
 s - the cursed ring "Ukekunn" (right hand) {+Inv rPois rF+}
   (You acquired it on level 10 of the Dungeon)

   [ring of protection from fire]

   It protects you from fire.
   It protects you from poison.
   It lets you turn invisible.
   It has a curse placed upon it.
 J - the cursed ring of Shadows (left hand) {Umbra +Inv Stlth+}
   (You found it on level 1 of the Orcish Mines)

   [ring of stealth]

   It lets you turn invisible.
   It makes you more stealthy.
   It has a curse placed upon it.
 K - a cursed amulet of reflection (around neck)
 S - a +6 ring of dexterity
Wands
 p - a wand of paralysis (10)
 F - a wand of acid (7)
 T - a wand of digging (8)
Scrolls
 e - 7 scrolls of remove curse
 g - 4 scrolls of teleportation
 m - 2 scrolls of magic mapping
 n - 4 scrolls of enchant armour
 r - 2 scrolls of fog
 w - a scroll of holy word
 x - a scroll of enchant weapon
 y - a scroll of blinking
 z - 2 scrolls of fear
 B - a scroll of silence
 E - 4 scrolls of amnesia
 H - a scroll of summoning
 M - 8 scrolls of identify
Potions
 d - 5 potions of mutation
 f - 7 potions of curing
 h - 4 potions of lignification
 i - 2 potions of haste
 j - 2 potions of might
 l - a potion of invisibility
 o - 2 potions of attraction
 q - 7 potions of heal wounds
 t - 4 potions of brilliance
 u - 5 potions of ambrosia
 v - a potion of cancellation
 A - a potion of berserk rage
 C - 4 potions of flight
 G - 6 potions of resistance
Miscellaneous
 D - a tin of tremorstones (2/2)
 I - a phantom mirror


   Skills:
 + Level 11.5 Fighting
 - Level 15.7(19.6) Long Blades
 - Level 2.0 Throwing
 + Level 13.9 Dodging
 + Level 2.6 Stealth
 - Level 5.5(8.6) Shields
 + Level 5.4 Spellcasting
 + Level 3.5(7.6) Conjurations
 - Level 10.1(14.3) Hexes
 - Level 10.0(14.2) Evocations


You had 17 spell levels left.
You knew the following spells:

 Your Spells              Type           Power        Failure   Level
a - Tukima's Dance        Hex            #####...     1%          3
b - Fireball              Conj/Fire      ##........   67%         5

Your spell library contained the following spells:

 Spells                   Type           Power        Failure   Level
 Corona                   Hex            #####..      1%          1
 Ensorcelled Hibernation  Hex/Ice        ###...       1%          2
 Confusing Touch          Hex            #####...     1%          3
 Dazzling Flash           Conj/Hex       ####..       1%          3
 Animate Skeleton         Necr           #.....       14%         1
 Pain                     Necr           #...         14%         1
 Sting                    Tmut/Pois      #...         14%         1
 Mephitic Cloud           Conj/Pois/Air  ##......     17%         3
 Poisonous Vapours        Pois/Air       #.....       22%         2
 Ignite Poison            Fire/Tmut/Pois #.......     41%         3
 Vampiric Draining        Necr           #.........   41%         3
 Animate Dead             Necr           #.........   82%         4
 Olgreb's Toxic Radiance  Pois           #.......     82%         4
 Agony                    Necr           #.......     99%         5
 Starburst                Conj/Fire      ##........   99%         6
 Ignition                 Fire           #.........   100%        8


Dungeon Overview and Level Annotations

Branches:
Dungeon (15/15)            Temple (1/1) D:4            Lair (6/6) D:8
 Shoals (1/4) Lair:4        Snake (0/4) Lair:3        Slime (0/5) Lair:6
    Orc (2/2) D:12            Elf (0/3) Orc:2        Vaults (0/5) D:14
 Depths (1/5) D:15        Ossuary (visited)           IceCv (visited)
Volcano (visited)

Altars:
Ashenzari
Cheibriados
Dithmenos
Elyvilon
Fedhas
Gozag
Hepliaklqana
Kikubaaqudgha
Makhleb
Nemelex Xobeh
Okawaru
Qazlal
Ru
Sif Muna
Trog
Uskayaw
Vehumet
Wu Jian
Xom
Yredelemnul
Zin
The Shining One
Beogh
Jiyva

Shops:
D:6 *   D:7 [}   D:10 *   D:15 :   Orc:1 !}**?   Orc:2 ([*=

Portals:
Hell: Depths:1
Abyss: Depths:1


Innate Abilities, Weirdness & Mutations

You can breathe blasts of scalding, opaque steam.
Your pale cyan-grey scales are hard. (AC +9)
You cannot fit into any form of body armour.
You are cold-blooded and may be slowed by cold attacks.


Message History

Unknown command.
Unknown command.
Unknown command.
Unknown command.
Unknown command.
You slash the deep troll shaman! You burn the deep troll shaman.
You kill the deep troll shaman!
The uncursed troll leather armour is intact enough to wear.
Unknown command.
You hit the great orb of eyes but do no damage.
The great orb of eyes is almost dead.
The great orb of eyes gazes at you. You resist with almost no effort.
Unknown command.
You hit the great orb of eyes. You burn the great orb of eyes.
You kill the great orb of eyes!
The spark wasp simulacrum hits you!
* * * LOW HITPOINT WARNING * * *
The spark wasp simulacrum freezes you! You resist.
You die...

..########..#.#
.....#.......##
............#.#
.............###
........#......#
....†...###.#.∩######
........^###.#..#.#.##
........## ##.#.Z..#.#
§........# ##..@....#
........## ##...####
.......## #.#(.#
......## ##..##
......# #.#.# #....##
##..# ,,*,** ##.#
,,*,,* ##.# ,,,,,*
#.(#


You could see a spark wasp simulacrum.

Vanquished Creatures
  Kirke (D:13)
  An orc warlord (Orc:2)
  A stone giant (Depths:1)
  Azrael (D:13)
  An ettin (Orc:1)
  The ghost of rlgrobin the Covert, a journeyman KoDe of Uskayaw (Lair:3)
  Snorg (D:10)
  2 vault guards (D:14)
  An ogre mage (D:15)
  3 fire dragons
  A great orb of eyes (Depths:1)
  Erolcha (D:12)
  8 hydras
  A boulder beetle (Lair:2)
  6 centaur warriors
  A catoblepas (Lair:6)
  The ghost of Ybynuq the Carver, a journeyman BaFi of Cheibriados (Orc:1)
  13 two-headed ogres
  3 deep troll shamans (Depths:1)
  7 death yaks
  A deep troll earth mage (Depths:1)
  4 orc high priests (Orc:2)
  Nergalle (Lair:1)
  An unseen horror (D:15)
  A swamp dragon (Lair:6)
  2 lindwurms (Lair:6)
  A wizard (D:15)
  An obsidian statue (D:15)
  3 orc knights (Orc:2)
  3 salamanders (Volcano)
  17 ugly things
  4 orc sorcerers
  7 deep elf magi
  3 cyclopes
  6 oklob plants
  5 manticores
  5 centaur zombies
  7 elephants
  3 black mambas
  8 gargoyles
  A guardian serpent (shapeshifter) (D:13)
  2 ice statues (IceCv)
  A naga mage (D:15)
  An efreet (D:15)
  12 cane toads
  11 komodo dragons
  9 rime drakes
  8 ice devils
  4 trolls
  2 polar bears
  2 dream sheep (Lair:6)
  2 hornets
  3 slime creatures (D:12)
  7 blink frogs
  A deep troll zombie (Depths:1)
  A meliai zombie (D:13)
  A dancing weapon (Orc:2)
  A centaur simulacrum (D:15)
  4 wraiths
  A shadow (D:11)
  7 wyverns
  7 fire bats (Volcano)
  8 humans (D:14)
  8 steam dragons
  4 basilisks (Lair:6)
  38 yaks
  3 hogs (D:13)
  A soldier ant (D:11)
  4 acid dragons
  3 nagas (Lair:3)
  11 water moccasins
  5 hell hounds (D:13)
  4 phantoms
  26 orc warriors
  7 sky beasts
  An ice beast (D:5)
  5 black bears
  A hornet zombie (D:6)
  12 centaurs
  An eye of draining (D:10)
  10 ogres
  35 wolves
  2 big kobolds
  17 bullfrogs
  2 scorpions
  A wyvern skeleton (D:7)
  6 killer bees (D:9)
  26 wights
  3 bullfrog zombies
  3 quasits
  5 jellies
  A lava snake (Lair:1)
  8 hounds
  24 orc priests
  4 centaur skeletons
  3 bullfrog skeletons
  10 iguanas
  Terence (D:2)
  6 hell rats (Lair:2)
  28 orc wizards
  9 worker ants
  8 big kobold zombies (Ossuary)
  2 hound skeletons
  A mummy (Ossuary)
  A worker ant zombie (D:8)
  6 adders
  2 shadow imps
  11 white imps
  8 ufetubi (IceCv)
  2 oozes
  An adder skeleton (D:4)
  5 worms
  3 dart slugs
  2 leopard geckos (D:4)
  76 orcs
  4 spectral bats (Ossuary)
  A ball python (D:4)
  5 giant cockroaches
  5 gnoll zombies
  7 goblins
  13 hobgoblins
  10 jackals
  5 quokkas
  4 bats
  4 bat simulacra (Ossuary)
  5 frilled lizards
  3 goblin simulacra (Ossuary)
  4 goblin zombies (Ossuary)
  5 hobgoblin zombies (Ossuary)
  17 kobolds
  2 kobold simulacra (Ossuary)
  4 kobold zombies (Ossuary)
  A leopard gecko zombie (D:5)
  5 orc zombies (Ossuary)
  15 rats
  7 rat simulacra (Ossuary)
  3 spectral goblins (Ossuary)
  5 spectral kobolds (Ossuary)
  2 spectral rats (Ossuary)
836 creatures vanquished.

Vanquished Creatures (collateral kills)
  2 orc warriors (Orc:2)
  An orc (Orc:2)
3 creatures vanquished.

Vanquished Creatures (others)
  A reaper (IceCv)
  A vault guard (D:14)
  A steam dragon (Volcano)
  A human (D:14)
  2 white imps (IceCv)
  A kobold (D:9)
  21 fungi
  146 plants
  A withered plant (Orc:1)
175 creatures vanquished.

Grand Total: 1014 creatures vanquished

Notes
Turn   | Place    | Note
-------+----------+-------------------------------------------
     0 | D:1      | KristoblXynda the Draconian Gladiator began the quest for
                  | the Orb.
     0 | D:1      | Reached XP level 1. HP: 17/17 MP: 1/1
   157 | D:1      | Reached XP level 2. HP: 25/25 MP: 2/2
   468 | D:1      | Reached XP level 3. HP: 30/30 MP: 3/3
  1260 | D:2      | Noticed Terence
  1277 | D:2      | Killed Terence
  1278 | D:2      | Reached skill level 4 in Long Blades
  1278 | D:2      | Reached XP level 4. HP: 19/38 MP: 4/4
  1460 | D:2      | Found a hazy altar of Hepliaklqana.
  1562 | D:2      | Found a burning altar of Makhleb.
  1918 | D:3      | Found a glowing golden altar of the Shining One.
  2034 | D:3      | Reached XP level 5. HP: 29/45 MP: 5/5
  2868 | D:4      | Found a shadowy altar of Dithmenos.
  2869 | D:4      | Found a stormy altar of Qazlal.
  2869 | D:4      | Found a broken altar of Ashenzari.
  2870 | D:4      | Found a white marble altar of Elyvilon.
  2871 | D:4      | Found an iron altar of Okawaru.
  2871 | D:4      | Found a basalt altar of Yredelemnul.
  2871 | D:4      | Found an ornate altar of the Wu Jian Council.
  2882 | D:4      | Became a worshipper of Ashenzari the Shackled
  3217 | D:4      | Reached skill level 5 in Long Blades
  3346 | D:4      | Found the +9 scales of the Dragon King {rPois rF+ rC+
                  | Will+}
  3505 | D:4      | Found an opulent altar of Gozag.
  3506 | D:4      | Found a glowing silver altar of Zin.
  3747 | D:4      | Found a staircase to the Ecumenical Temple.
  3756 | Temple   | Entered the Ecumenical Temple
  3888 | D:5      | Entered Level 5 of the Dungeon
  3927 | D:5      | Reached XP level 6. HP: 45/52 MP: 6/6
  4699 | D:5      | Noticed a sky beast
  4699 | D:5      | Noticed an ice beast
  4711 | D:5      | Killed a sky beast
  4712 | D:5      | Reached skill level 6 in Long Blades
  4712 | D:5      | Your scales start taking on a pale cyan-grey colour.
  4712 | D:5      | Reached XP level 7. HP: 50/60 MP: 7/7
  5030 | D:5      | Found a shimmering altar of Xom.
  5245 | D:6      | Reached * piety under Ashenzari
  5636 | D:6      | Found Xoeffo's General Store.
  5693 | D:6      | Reached skill level 5 in Fighting
  5739 | D:6      | Reached skill level 7 in Long Blades
  5992 | D:6      | Reached skill level 5 in Dodging
  5992 | D:6      | Reached XP level 8. HP: 69/69 MP: 8/8
  6378 | D:7      | Found Vaish's Gadget Shoppe.
  6447 | D:7      | Found a sand-covered staircase.
  6459 | Ossuary  | Entered an ossuary
  6742 | Ossuary  | Reached skill level 8 in Long Blades
  7262 | D:7      | Found Hinneu's Armour Shop.
  7266 | D:7      | Bought a +0 pair of gloves for 67 gold pieces
  7400 | D:7      | Noticed a gargoyle
  7412 | D:7      | Killed a gargoyle
  7413 | D:7      | Reached skill level 9 in Long Blades
  7413 | D:7      | Reached XP level 9. HP: 43/78 MP: 9/9
  7701 | D:7      | Noticed a gargoyle
  7706 | D:7      | Killed a gargoyle
  7713 | D:7      | Noticed a gargoyle
  7717 | D:7      | Killed a gargoyle
  7827 | D:7      | Noticed a gargoyle
  7833 | D:7      | Killed a gargoyle
  7901 | D:7      | Noticed a gargoyle
  7903 | D:7      | Killed a gargoyle
  7904 | D:7      | Reached skill level 10 in Long Blades
  8252 | D:7      | Found a sparkling altar of Nemelex Xobeh.
  8418 | D:8      | Reached skill level 1 in Evocations
  8430 | D:8      | Learned a level 3 spell: Tukima's Dance
  8620 | D:8      | Noticed a komodo dragon
  8636 | D:8      | Killed a komodo dragon
  8865 | D:8      | Reached XP level 10. HP: 78/88 MP: 10/10
  8934 | D:8      | Found a staircase to the Lair.
  9311 | D:8      | Reached ** piety under Ashenzari
 10193 | D:9      | Noticed a moth of wrath
 10195 | D:9      | Found a bloodstained altar of Trog.
 10357 | D:10     | Entered Level 10 of the Dungeon
 10709 | D:10     | Reached skill level 11 in Long Blades
 10710 | D:10     | Noticed Snorg
 10772 | D:10     | Reached skill level 5 in Evocations
 10775 | D:10     | Found Jeenwuem's Assorted Antiques.
 10865 | D:10     | Bought a scroll labelled DAETUD WOMI for 30 gold pieces
 10895 | D:10     | Identified the amulet "Acreforuwn" {Faith *Contam *Corrode
                  | rElec Int+9}
 11024 | D:10     | Killed Snorg
 11025 | D:10     | Reached XP level 11. HP: 13/99 MP: 11/11
 11687 | D:11     | Noticed a six-headed hydra
 11703 | D:11     | Paralysed by a hornet for 3 turns
 12148 | D:10     | Identified a scroll of acquirement
 12148 | D:10     | Acquired the cursed ring "Ukekunn" {+Inv rPois rF+}
 12194 | D:11     | Noticed a brown ugly thing
 12422 | D:10     | Killed a brown ugly thing
 12733 | D:10     | Reached skill level 10 in Fighting
 13310 | D:11     | Killed a seven-headed hydra
 13311 | D:11     | Reached skill level 1 in Hexes
 13387 | D:11     | Noticed a white ugly thing
 13397 | D:11     | Killed a white ugly thing
 14048 | D:12     | Noticed Erolcha
 14051 | D:12     | Killed Erolcha
 14228 | D:12     | Found a staircase to the Orcish Mines.
 14232 | D:12     | Reached skill level 12 in Long Blades
 14324 | D:12     | Noticed a deep elf mage
 14328 | D:12     | Killed a deep elf mage
 14427 | D:12     | Noticed a purple ugly thing
 14446 | D:12     | Killed a purple ugly thing
 14645 | D:12     | Reached XP level 12. HP: 80/106 MP: 12/12
 15111 | D:12     | Noticed a five-headed hydra
 15219 | D:12     | Killed a five-headed hydra
 16467 | D:13     | Noticed Kirke
 16477 | D:13     | Reached skill level 10 in Dodging
 16485 | D:13     | Killed Kirke
 16486 | D:13     | Reached skill level 5 in Hexes
 16611 | D:13     | Noticed a centaur warrior
 16613 | D:13     | Reached *** piety under Ashenzari
 16625 | D:13     | Killed a centaur warrior
 17263 | D:13     | Noticed a centaur warrior
 17263 | D:13     | Noticed a centaur warrior
 17274 | D:13     | Killed a centaur warrior
 17276 | D:13     | Killed a centaur warrior
 17635 | D:13     | Noticed Azrael
 17654 | D:13     | Killed Azrael
 17655 | D:13     | Reached skill level 13 in Long Blades
 18195 | D:14     | Reached XP level 13. HP: 112/113 MP: 13/13
 18548 | D:14     | Found a sparkling altar of Nemelex Xobeh.
 18913 | D:14     | Found a sacrificial altar of Ru.
 18964 | D:14     | Reached skill level 10 in Evocations
 19464 | D:14     | Found a gate to the Vaults.
 19877 | D:15     | Entered Level 15 of the Dungeon
 21035 | D:15     | Found Laocran's Book Shoppe.
 21275 | D:15     | Reached skill level 14 in Long Blades
 22095 | D:15     | Found a staircase to the Depths.
 22447 | D:15     | Reached XP level 14. HP: 117/121 MP: 14/14
 23278 | D:15     | Identified the ring of Qukkam {+Blink +Fly Str+6 Dex-3
                  | Slay-2}
 23650 | D:15     | Identified the +9 trident "Akloll" {vorpal, Str+2 Dex+4}
 24281 | Lair:1   | Entered Level 1 of the Lair of Beasts
 24402 | Lair:1   | Reached **** piety under Ashenzari
 24629 | Lair:1   | Noticed Nergalle
 24634 | Lair:1   | Killed Nergalle
 25701 | Lair:2   | Reached skill level 1 in Shields
 25947 | Lair:2   | Acquired a cursed +2 pair of boots of running
 26973 | Lair:3   | Found a runed translucent door.
 26973 | Lair:3   | Noticed rlgrobin's ghost (journeyman KoDe)
 27120 | Lair:3   | Killed rlgrobin's ghost
 27545 | Lair:3   | Found a white marble altar of Elyvilon.
 27979 | Lair:3   | Found a staircase to the Snake Pit.
 28319 | Lair:4   | Reached ***** piety under Ashenzari
 28685 | Lair:4   | Found a staircase to the Shoals.
 29311 | Shoals:1 | Entered Level 1 of the Shoals
 29370 | Lair:5   | Reached skill level 15 in Long Blades
 29803 | Lair:5   | Got the uncursed buckler of Hepliaklqana's Envy {Will+
                  | rCorr}
 29812 | Lair:4   | Identified the +2 buckler of Hepliaklqana's Envy {Will+
                  | rCorr} (You found it on level 5 of the Lair of Beasts)
 30224 | Lair:5   | Reached skill level 10 in Hexes
 30253 | Lair:5   | Reached XP level 15. HP: 58/126 MP: 15/15
 31354 | Lair:5   | Reached skill level 5 in Shields
 31354 | Lair:5   | Reached skill level 1 in Spellcasting
 31447 | Lair:5   | Learned a level 5 spell: Fireball
 31458 | Lair:6   | Entered Level 6 of the Lair of Beasts
 31577 | Lair:6   | Found a frozen archway.
 31597 | IceCv    | Entered an ice cave
 32042 | IceCv    | Reached ****** piety under Ashenzari
 33331 | Lair:6   | Found a staircase to the Slime Pits.
 33341 | Lair:6   | Found a viscous altar of Jiyva.
 33754 | Lair:6   | HP: 4/128 [catoblepas (12)]
 34908 | Orc:1    | Entered Level 1 of the Orcish Mines
 34908 | Orc:1    | Found Qubed's Magic Scroll Boutique.
 34935 | Orc:1    | Bought a scroll of enchant weapon for 135 gold pieces
 34935 | Orc:1    | Bought a scroll of magic mapping for 63 gold pieces
 34953 | Orc:1    | Found a roughly hewn altar of Beogh.
 34966 | Orc:1    | Found Sesuaj's General Store.
 34998 | Orc:1    | Found a dark tunnel.
 35003 | Volcano  | Entered a volcano
 35231 | Volcano  | Reached skill level 1 in Conjurations
 36015 | Orc:1    | Found Ivogerhu's Distillery.
 36020 | Orc:1    | Bought a potion of mutation for 88 gold pieces
 36020 | Orc:1    | Bought a potion of heal wounds for 55 gold pieces
 36020 | Orc:1    | Bought a potion of curing for 33 gold pieces
 36020 | Orc:1    | Bought a potion of heal wounds for 55 gold pieces
 36023 | Orc:1    | Found a runed translucent door.
 36025 | Orc:1    | Noticed Ybynuq's ghost (journeyman BaFi)
 36028 | Orc:1    | Found the ring of Shadows {Umbra +Inv Stlth+}
 36041 | Orc:1    | Killed Ybynuq's ghost
 36218 | Orc:1    | Found Ehoxketh's General Store.
 36239 | Orc:1    | Found Raghiolu's Gadget Shop.
 36242 | Orc:1    | Bought a scroll of blinking for 105 gold pieces
 36600 | Orc:2    | Entered Level 2 of the Orcish Mines
 36894 | Orc:2    | Found a staircase to the Elven Halls.
 36901 | Orc:2    | Noticed an orc warlord
 36904 | Orc:2    | Reached skill level 1 in Stealth
 36959 | Orc:2    | Killed an orc warlord
 36960 | Orc:2    | Reached skill level 5 in Spellcasting
 36967 | Orc:2    | Reached XP level 16. HP: 76/136 MP: 21/23
 38075 | Orc:2    | Found Bautoim's Antique Armour Boutique.
 38076 | Orc:2    | Found Hiboih's Antique Weapon Shop.
 38078 | Orc:2    | Found Ruwa's General Store.
 38078 | Orc:2    | Found Kix Hant's Jewellery Boutique.
 38083 | Orc:2    | Bought a wand of paralysis (10) for 168 gold pieces
 38083 | Orc:2    | Bought a scroll of teleportation for 42 gold pieces
 38084 | Orc:2    | Bought a cursed -4 ring of evasion for 28 gold pieces
 38094 | Orc:2    | Bought a pair of glowing gloves for 187 gold pieces
 38574 | Depths:1 | Entered Level 1 of the Depths
 38628 | Depths:1 | Found a gateway to Hell.
 38709 | Depths:1 | Found a one-way gate to the infinite horrors of the Abyss.
 38847 | Depths:1 | HP: 5/138 [spark wasp simulacrum (12)]
 38847 | Depths:1 | Mangled by a spark wasp simulacrum

Illustrated notes

Levels and vault maps discovered:
D:1:      dpeg_arrival_arbitrary_b, layout_basic
D:2:      layout_basic, makhleb_grotto_becter, overflow_temple_1_default,
          kennysheep_boxes, uniq_terence
D:3:      layout_basic, nicolae_tso_carved_into_rock
D:4:      layout_loops_ring, grunt_temple_overflow_gold_and_silver,
          grunt_temple_overflow_open, minmay_temple_entry_poolview,
          minmay_quadrilaterals
D:5:      layout_loops_corners, basic_altar
D:6:      kennysheep_big_flooded_room, layout_loops_ring, serial_shops,
          shop_statue, grunt_ministairs_2, ebering_dispersal_statue_hall
D:7:      cheibrodos_statue_roulette, layout_loops_ring, lemuel_round_altar,
          enter_ossuary_3, serial_shops, kennysheep_mini, shop
D:8:      layout_loops_ring, david_lair_shrubbed
D:9:      layout_basic, grunt_ministairs_12, tgw_trog
D:10:     layout_rooms, serial_shops, shop, uniq_snorg
D:11:     layout_rooms, serial_curves, eino_curves_02, eino_curves_04,
          eino_curves_02, eino_curves_02
D:12:     layout_roguey, orc_0_dummy, minivault_21, kennysheep_generic_room_5,
          uniq_erolcha
D:13:     layout_gridville, uniq_kirke, uniq_azrael
D:14:     layout_gridville, ximxim_vaults_locker_room, corexii_leaking_fountain,
          basic_altar, nicolae_ru_awakened_eye
D:15:     grunt_enter_depths_magical_seal, layout_grid_maze, serial_shops, shop,
          drop_trap, minmay_protected_statue
Temple:   nicolae_temple_figure_zero
Lair:1:   dragon1_lemuel, layout_loops_ring, serial_bayou_pond_c,
          lemuel_fruit_tree, uniq_nergalle
Lair:2:   beast_lair_carwin_large_4, layout_regular_city
Lair:3:   layout_concentric_octagons, guppyfry_snake_entry_garden,
          gammafunk_ghost_grave, lemuel_oklob_altar
Lair:4:   layout_regular_city, elwin_shoals_entry_rocks
Lair:5:   layout_regular_city, chequers_serial_rivers_micro_c,
          minmay_lair_oklob_chamber
Lair:6:   hangedman_lair_in_review, layout_layer_cave, guppyfry_lair_end_dragon,
          slime_altar_1, portal_ice_cave_demonic_guard
Shoals:1: layout_shoals, nicolae_shoals_kraken_intersection, uniq_frances
Orc:1:    layout_diamond_mine, basic_altar, serial_shops, shop, shop, shop,
          shop, nicolae_shop_waterfront, gammafunk_ghost_grave, enter_volcano_4,
          nicolae_orc_crystal_geode
Orc:2:    st_orc_congregation, layout_diamond_mine, abandoned_shop
Depths:1: layout_cave_pools, gammafunk_ghost_tricky_traps,
          hangedman_abyss_entry_splay, mu_enter_wizlab_5,
          grunt_decor_resistance, grunt_mini_vestibule, lemuel_old_faithful,
          minmay_shoptagon, uniq_nikola

Skill      XL: |  1  2  3  4  5  6  7  8  9 10 11 12 13 14 15 16 |
---------------+-------------------------------------------------+-----
Throwing       | 2 |  2.0
Dodging        | 3 4 5 6 7 8 9 10 11 12 13 | 13.9
Fighting       | 3 4 5 6 8 9 10 11 | 11.5
Long Blades    | 4 5 6 7 9 10 11 12 13 14 15 | 15.7
Evocations     | 2 5 7 9 10 | 10.0
Hexes          | 3 6 8 10 | 10.1
Shields        | 4 5 |  5.5
Spellcasting   | 5 |  5.4
Conjurations   | 2 3 |  3.5
Stealth        | 1 2 |  2.6

Action                   |  1- 3 |  4- 6 |  7- 9 | 10-12 | 13-15 | 16-18 || total
-------------------------+-------+-------+-------+-------+-------+-------++-------
Melee: Long sword        |   110 |   171 |   247 |       |       |       ||   528
       Tailslap          |    12 |    28 |    55 |   114 |   344 |    28 ||   581
       Great sword       |       |       |    47 |   486 |   165 |       ||   698
       Scimitar          |       |       |       |    19 |  1289 |   165 ||  1473
 Cast: Tukima's Dance    |       |       |       |       |     3 |    11 ||    14
Invok: Curse Item        |       |       |     1 |       |     3 |       ||     4
 Abil: Breathe Steam     |       |       |    15 |    31 |    67 |     6 ||   119
       Evoke Invisibilit |       |       |       |       |     5 |       ||     5
Evoke: Wand              |       |       |       |    15 |     3 |     4 ||    22
       Tin of tremorston |       |       |       |       |     1 |       ||     1
  Use: Scroll            |     4 |     9 |     7 |    15 |    13 |     4 ||    52
       Potion            |       |     2 |       |     7 |    11 |     3 ||    23
 Stab: Sleeping          |       |     3 |       |     3 |     3 |       ||     9
       Distracted        |       |       |     1 |       |     1 |     2 ||     4
       Paralysed         |       |       |       |     9 |       |       ||     9
       Invisible         |       |       |       |     1 |    25 |       ||    26
       Petrified         |       |       |       |       |     5 |       ||     5
       Petrifying        |       |       |       |       |     4 |       ||     4
Armor: Skin              |    34 |    51 |    68 |   133 |   200 |    13 ||   499
Dodge: Dodged            |    99 |   126 |   168 |   491 |   874 |    93 ||  1851
Block: Other             |       |       |     3 |   126 |   117 |       ||   246
       Reflection        |       |       |       |     6 |    14 |     2 ||    22
       Buckler           |       |       |       |       |   395 |    71 ||   466
       Rpst.: Long sword |    29 |    48 |    38 |       |       |       ||   115
       Great sword       |       |       |     6 |   114 |    34 |       ||   154
       Scimitar          |       |       |       |     6 |   206 |    24 ||   236

Table legend: (Time is in decaauts)
 A = Elapsed time spent in this place.
 B = Non-inter-level travel time spent in this place.
 C = Inter-level travel time spent in this place.
 D = Time resting spent in this place.
 E = Time spent auto-exploring this place.
 F = Levels seen in this place.
 G = Mean time per level.
                   A        B        C        D        E       F      G
               +--------+--------+--------+--------+--------+-----+--------+
         Total |  38021 |  36910 |   1111 |  14176 |  15288 |  29 | 1311.1 |
       Dungeon |  23891 |  23160 |    731 |   8976 |   9915 |  15 | 1592.7 |
        Temple |    117 |    108 |      9 |      0 |    107 |   1 |  117.0 |
          Lair |   8935 |   8631 |    304 |   2928 |   4241 |   6 | 1489.2 |
        Shoals |      1 |      1 |      0 |      0 |      0 |   1 |    1.0 |
  Orcish Mines |   2418 |   2353 |     65 |    752 |    969 |   2 | 1209.0 |
        Depths |    250 |    250 |      0 |    130 |      0 |   1 |  250.0 |
       Ossuary |    560 |    560 |      0 |    131 |     32 |   1 |  560.0 |
      Ice Cave |   1003 |   1003 |      0 |    722 |      0 |   1 | 1003.0 |
       Volcano |    842 |    842 |      0 |    535 |     24 |   1 |  842.0 |
               +--------+--------+--------+--------+--------+-----+--------+

Top non-repeatable levels by time:
    D:15: 4134 daAuts
    D:13: 2347 daAuts
    D:12: 2073 daAuts
  Lair:6: 2037 daAuts
    D:14: 1991 daAuts
    D:10: 1935 daAuts
  Lair:5: 1816 daAuts
  Lair:2: 1742 daAuts
   Orc:2: 1683 daAuts
     D:9: 1639 daAuts
     D:7: 1464 daAuts
     D:5: 1352 daAuts
  Lair:4: 1157 daAuts
     D:6: 1109 daAuts
  Lair:3: 1092 daAuts
